Warning! The script has encountered some errors when parsing the replay. Please report them to the . » details
0x00, prev: 0x16: 16 02 01 00 F6 87 00 00 71 EB 00 00 [00] 00 00 00 00 00 00 00 00 00 00 00 00 00 00 00 00 00 00 00 00 00 00 00 00 00 06 1F 00 12 18 00 0F 00 0D 00 FF FF FF FF FF FF FF FF 8C 94 BB C5 84 A4 FA 44 FF FF FF FF FF FF FF FF 01 03 00 18 00 03
0x00, prev: 0x00: 16 02 01 00 F6 87 00 00 71 EB 00 00 00 00 00 00 00 00 00 00 00 00 00 00 00 00 00 00 00 00 00 00 00 00 00 00 [00] 00 06 1F 00 12 18 00 0F 00 0D 00 FF FF FF FF FF FF FF FF 8C 94 BB C5 84 A4 FA 44 FF FF FF FF FF FF FF FF 01 03 00 18 00 03
General information
- name: BNet
- type: Ladder team game (AT/RT)
- host: Battle.net
- saver: SmERB.cOM.COm
map: Mur'gulOasis
- players: 6
- length: 16:01
- speed: Fast
- version: 1.23 W3XP
- replay type: Public
» download(101 KB)
Players
team 1 (winner)
boLi (
yellow | 122 APM | 1946 actions | 15:59)
5 Death Knight
2 Death Coil
2 Unholy Aura
1 Death Pact
3 Lich
2 Frost Nova
1 Frost Armor
2 Crypt Lord
1 Impale
1 Spiked Carapace
» actions
| Assign group hotkey | 235 | |
| Build / train | 60 | |
| Enter build submenu | 15 | |
| Enter hero's abilities submenu | 11 | |
| Give item / drop item | 2 | |
| Right click | 915 | |
| Select / deselect | 204 | |
| Select group hotkey | 441 | |
| Use ability | 63 | |
1946 total
» units
| Acolyte | 2 | |
| Ghoul | 1 | |
| Crypt Fiend | 15 | |
| Frost Wyrm | 4 | |
22 total
» upgrades
| Creature Attack | 2 | |
| Creature Carapace | 2 | |
| Web | 1 | |
5 total
» buildings
| Graveyard | 1 | |
| Crypt | 1 | |
| Altar of Darkness | 1 | |
| Ziggurat | 8 | |
| Tomb of Relics | 1 | |
| Nerubian Tower | 1 | |
| Halls of the Dead | 2 | |
| Black Citadel | 2 | |
| Sacrificial Pit | 1 | |
| Boneyard | 2 | |
20 total
» build order
00:05 Graveyard
00:09 Crypt
00:30 Altar of Darkness
00:48 Ziggurat
01:04 Tomb of Relics
01:50 Ziggurat
02:05 Nerubian Tower
04:33 Halls of the Dead
04:33 Halls of the Dead
04:34 Ziggurat
06:34 Ziggurat
08:13 Black Citadel
08:13 Black Citadel
08:49 Sacrificial Pit
09:42 Ziggurat
10:36 Boneyard
10:38 Boneyard
10:40 Ziggurat
11:16 Ziggurat
14:06 Ziggurat
» items
| Rod of Necromancy | 4 | |
| Scroll of Town Portal | 1 | |
| Orb of Corruption | 1 | |
| Potion of Healing | 1 | |
7 total

»
HOLYCRAPIMCOOL (
red | 99 APM | 1581 actions | 15:59)
5 Mountain King
3 Storm Bolt
2 Bash
3 Paladin
2 Holy Light
1 Devotion Aura
» actions
| Assign group hotkey | 73 | |
| Basic commands | 99 | |
| Build / train | 51 | |
| Enter build submenu | 22 | |
| Enter hero's abilities submenu | 8 | |
| Right click | 544 | |
| Select / deselect | 236 | |
| Select group hotkey | 487 | |
| Use ability | 61 | |
1581 total
» units
» upgrades
| Gunpowder | 2 | |
| Armor | 2 | |
| Masonry | 1 | |
| Long Rifles | 1 | |
| Lumber Harvesting | 1 | |
7 total
» buildings
| Farm | 11 | |
| Altar of Kings | 1 | |
| Blacksmith | 1 | |
| Barracks | 2 | |
| Arcane Vault | 1 | |
| Keep | 1 | |
| Lumber Mill | 1 | |
| Arcane Sanctum | 1 | |
19 total
» build order
00:32 Farm
00:36 Altar of Kings
00:49 Blacksmith
01:19 Barracks
01:36 Farm
02:08 Farm
02:19 Barracks
02:56 Farm
03:08 Arcane Vault
04:16 Farm
04:48 Farm
06:18 Farm
08:05 Keep
08:34 Farm
08:34 Farm
08:53 Lumber Mill
10:53 Farm
14:03 Farm
14:07 Arcane Sanctum
» items
| Lesser Clarity Potion | 1 | |
| Scroll of Regeneration | 2 | |
| Scroll of Town Portal | 1 | |
4 total
SmERB.cOM.COm (
blue | 95 APM | 1527 actions | 16:01)
5 Priestess of the Moon
2 Searing Arrows
3 Trueshot Aura
» actions
| Assign group hotkey | 50 | |
| Basic commands | 9 | |
| Build / train | 50 | |
| Enter build submenu | 9 | |
| Enter hero's abilities submenu | 5 | |
| Remove unit from queue | 1 | |
| Right click | 670 | |
| Select / deselect | 283 | |
| Select group hotkey | 403 | |
| Use ability | 47 | |
1527 total
» units
» upgrades
| Moon Armor | 1 | |
| Strength of the Moon | 2 | |
3 total
» buildings
| Altar of Elders | 1 | |
| Moon Well | 4 | |
| Hunter's Hall | 1 | |
| Ancient of War | 2 | |
| Tree of Ages | 2 | |
| Tree of Life | 1 | |
11 total
» build order
00:06 Altar of Elders
00:24 Moon Well
01:45 Hunter's Hall
01:51 Ancient of War
02:16 Ancient of War
02:31 Moon Well
02:55 Moon Well
04:32 Moon Well
09:43 Tree of Ages
09:43 Tree of Ages
13:24 Tree of Life
» items
| Scroll of Town Portal | 1 | |
| Scroll of Healing | 2 | |
3 total
team 2 (loser)
aE.GatoRade. (
teal | 59 APM | 942 actions | 15:59)
3 Keeper of the Grove
2 Entangling Roots
1 Force of Nature
» actions
| Assign group hotkey | 15 | |
| Basic commands | 1 | |
| Build / train | 33 | |
| ESC pressed | 1 | |
| Enter build submenu | 10 | |
| Enter hero's abilities submenu | 3 | |
| Right click | 539 | |
| Select / deselect | 172 | |
| Select group hotkey | 131 | |
| Use ability | 37 | |
942 total
» units
» buildings
| Altar of Elders | 1 | |
| Moon Well | 5 | |
| Hunter's Hall | 1 | |
| Ancient of War | 2 | |
9 total
» build order
00:08 Altar of Elders
00:17 Moon Well
01:27 Hunter's Hall
01:44 Ancient of War
02:05 Ancient of War
02:21 Moon Well
03:13 Moon Well
07:01 Moon Well
11:20 Moon Well
Discftw (
purple | 85 APM | 1345 actions | 15:53)
4 Priestess of the Moon
2 Searing Arrows
2 Trueshot Aura
» actions
| Assign group hotkey | 1 | |
| Build / train | 43 | |
| Enter build submenu | 9 | |
| Enter hero's abilities submenu | 4 | |
| Remove unit from queue | 3 | |
| Right click | 1091 | |
| Select / deselect | 165 | |
| Select group hotkey | 1 | |
| Use ability | 28 | |
1345 total
» units
» upgrades
| Strength of the Moon | 1 | |
| Moon Armor | 1 | |
2 total
» buildings
| Altar of Elders | 1 | |
| Moon Well | 4 | |
| Hunter's Hall | 1 | |
| Ancient of War | 2 | |
8 total
» build order
00:12 Altar of Elders
00:15 Moon Well
01:27 Hunter's Hall
01:58 Ancient of War
02:07 Ancient of War
02:20 Moon Well
03:23 Moon Well
04:39 Moon Well
» items
| Scroll of Protection | 1 | |
| Scroll of Healing | 4 | |
| Potion of Lesser Invulnerability | 1 | |
6 total
zA.AbazA (
pink | 119 APM | 1881 actions | 15:50)
4 Death Knight
2 Death Coil
2 Unholy Aura
2 Lich
2 Frost Nova
4 Crypt Lord
2 Impale
2 Spiked Carapace
» actions
| Assign group hotkey | 112 | |
| Basic commands | 243 | |
| Build / train | 57 | |
| ESC pressed | 2 | |
| Enter build submenu | 17 | |
| Enter hero's abilities submenu | 10 | |
| Give item / drop item | 2 | |
| Right click | 379 | |
| Select / deselect | 167 | |
| Select group hotkey | 824 | |
| Use ability | 68 | |
1881 total
» units
| Acolyte | 2 | |
| Ghoul | 1 | |
| Crypt Fiend | 12 | |
| Obsidian Statue | 1 | |
| Abomination | 2 | |
| Frost Wyrm | 10 | |
28 total
» upgrades
| Burrow | 1 | |
| Creature Attack | 3 | |
| Disease Cloud | 1 | |
| Creature Carapace | 1 | |
| Web | 1 | |
7 total
» buildings
| Graveyard | 1 | |
| Crypt | 1 | |
| Ziggurat | 9 | |
| Altar of Darkness | 1 | |
| Tomb of Relics | 1 | |
| Halls of the Dead | 1 | |
| Black Citadel | 1 | |
| Slaughterhouse | 1 | |
| Sacrificial Pit | 1 | |
| Boneyard | 2 | |
19 total
» build order
00:06 Graveyard
00:08 Crypt
00:15 Ziggurat
00:28 Altar of Darkness
00:58 Tomb of Relics
01:25 Ziggurat
03:10 Halls of the Dead
03:24 Ziggurat
05:19 Ziggurat
05:56 Black Citadel
06:05 Slaughterhouse
06:40 Ziggurat
07:35 Sacrificial Pit
08:41 Boneyard
08:42 Boneyard
08:44 Ziggurat
10:32 Ziggurat
12:02 Ziggurat
12:10 Ziggurat
» items
| Rod of Necromancy | 2 | |
| Orb of Corruption | 1 | |
3 total
Chat log
(00:12 / All) aE.GatoRade.: smerb <3
(00:22 / Allies) boLi: mwah
(00:23 / Allies) boLi: mwah
(00:25 / Allies) boLi: -keith
(00:30 / All) SmERB.cOM.COm: shut up nigger
(00:34 / All) aE.GatoRade.: LOL
(00:35 / All) zA.AbazA: FAGGOTS
(00:38 / All) aE.GatoRade.: LMFAO
(00:41 / All) zA.AbazA: SMERB WHERES MY BLOWJOB?
(00:45 / All) boLi: hey guys, wuts gewd-pink
(00:47 / All) SmERB.cOM.COm: hey guys, whats gewd
(00:50 / All) zA.AbazA: SUP BOLI
(00:57 / All) aE.GatoRade.: ohh
(00:57 / All) boLi: lol whats it like
(00:58 / All) aE.GatoRade.: its cool mike
(01:00 / All) aE.GatoRade.: the faggot
(01:00 / All) boLi: to be a paki nerd
(01:03 / All) aE.GatoRade.: no wonder
(01:08 / All) zA.AbazA: BEATS BEING A HUNGRIEN FAGGOT
(01:17 / All) boLi: are you kidding me?
(01:17 / All) zA.AbazA: ESPECIALLY A VIRGIN ONE
(01:20 / All) zA.AbazA: WITH A FUNNY VOICE
(01:21 / All) boLi: you're a virgin nerd lol
(01:30 / All) boLi: at least i can pronouce ''three''
(01:33 / All) zA.AbazA: NOT LIKE YOURSELF, I APPEAR DECENT AND MODEST
(01:36 / All) zA.AbazA: BUT I DONT SOUND LIKE YOU
(01:40 / All) zA.AbazA: SO STFU FFAKE
(01:42 / All) boLi: do you tell women
(01:47 / All) boLi: your dick is free inches long
(01:52 / All) zA.AbazA: DO YOU TELL WOMEN YOU'RE GAY?
(01:57 / All) zA.AbazA: TO AVOID THEM?
(02:01 / All) boLi: no i slap titties and punch booty
(02:05 / All) zA.AbazA: STFU NERD
(02:07 / All) zA.AbazA: GET LAID PLZ
(02:09 / All) zA.AbazA: UR A FAG
(02:09 / All) boLi: \
(02:11 / All) SmERB.cOM.COm: I GOT LAID LAST NIGHT
(02:14 / All) boLi: you have free seconds to stop nerd raging
(02:18 / All) zA.AbazA: FUCKING NERD STFU FAKE
(02:23 / All) SmERB.cOM.COm: you're fake
(02:28 / All) zA.AbazA: LMAO
(02:31 / All) boLi: hey guys, am i doing gewd''-pink on allied chat
(02:35 / All) zA.AbazA: FUCKING GGTRASH
(02:38 / All) SmERB.cOM.COm: the real fierce wouldn't have a shitty record like that LOL
(02:57 / All) zA.AbazA: LOL
(02:59 / All) zA.AbazA: TRASH
(03:02 / All) zA.AbazA: FUCKING FILTH
(03:03 / All) HOLYCRAPIMCOOL: i got 99 problems are war craft aint 1
(03:17 / All) zA.AbazA: HOLYCRAPURSOUNCOOL
(03:18 / All) zA.AbazA: STFU
(03:22 / All) HOLYCRAPIMCOOL: fierce
(03:27 / All) HOLYCRAPIMCOOL: u hated me for 2 yearsa fter iraped u in a solo tourney
(03:28 / All) boLi: holycrapicannotpronouncemyth's
(03:29 / All) zA.AbazA: I HATE GGL
(03:32 / All) HOLYCRAPIMCOOL: then u sucked my dick for 2 months straight
(03:34 / All) HOLYCRAPIMCOOL: dont talk
(03:42 / All) SmERB.cOM.COm: ahh
(03:42 / All) zA.AbazA: LMAO
(03:44 / All) zA.AbazA: UR FAKE
(03:46 / All) HOLYCRAPIMCOOL: k
(03:53 / All) zA.AbazA: YOU PROBABLY BEAT MY FAN BOY
(03:56 / All) HOLYCRAPIMCOOL: k
(03:58 / All) zA.AbazA: I DONT RECALL LOSING TO FAKES
(04:00 / All) HOLYCRAPIMCOOL: k
(05:07 / All) zA.AbazA: HOLYCRAPIMNOOB
(05:19 / All) HOLYCRAPIMCOOL: i liked ubetter when u sucked my dick
(05:21 / All) zA.AbazA: LOL
(05:23 / All) zA.AbazA: STFU NEWB
(05:27 / All) zA.AbazA: WHERES UR TINY EGO DICK
(05:33 / All) zA.AbazA: DID IT SWALLOW ITSELF?
(05:38 / All) HOLYCRAPIMCOOL: " i think ggl and za should be friends" - u a month ago
(05:50 / All) zA.AbazA: LMFAO
(05:52 / All) zA.AbazA: RICK ROLLED
(08:20 / All) boLi: your level free dk died
(09:11 / All) SmERB.cOM.COm: nice fiend
(09:23 / All) SmERB.cOM.COm: only a fake would do that tbh
(12:26 / All) SmERB.cOM.COm: aueaheaheaheahea
(12:53 / All) SmERB.cOM.COm: only 1-0? when you say whats good ITS NOT YOU
(14:57 / All) SmERB.cOM.COm: baby dick trash faggots down
(15:00 / All) HOLYCRAPIMCOOL: bad
(15:14 / All) boLi: aka sdfwesder
(15:15 / All) boLi: leave
(15:23 / All) HOLYCRAPIMCOOL: aka holycrapimcool
(15:25 / All) HOLYCRAPIMCOOL: leave
(15:31 / All) SmERB.cOM.COm: my aka is ass pawner
(15:45 / All) SmERB.cOM.COm: hey guys whats good
(15:46 / All) boLi: FREE WIN
(15:47 / All) HOLYCRAPIMCOOL: "ne ne ud" - u guys
(15:50 / All) boLi: N O PUN JINTEDED FAGGOT
(15:51 / All) SmERB.cOM.COm: yo thx for the free win